 Dungeon Crawl Stone Soup version 0.31-a0-1626-g5cb510d322 (webtiles) character file.

Game seed: 18003222606059700554

98706 keekatzer the Brawler (level 15, -13/190 HPs)
             Began as a Troll Shapeshifter on Jan 12, 2024.
             Was the Champion of Cheibriados.
             Mangled by a broodmother simulacrum (27 damage)
             ... on level 2 of the Spider Nest.
             The game lasted 02:12:59 (14804 turns).

keekatzer the Brawler (Troll Shapeshifter)         Turns: 14804, Time: 02:13:00

Health: -13/190    AC: 10    Str: 50    XL:     15   Next: 75%
Magic:  4/22       EV: 21    Int: 21    God:    Cheibriados [******]
Gold:   2256       SH:  0    Dex: 26    Spells: 9/14 levels left

rFire   . .          .
                       - Unarmed
rCold   . . .        (shield currently unavailable)
rNeg    . . .        I - melded +0 acid dragon scales
rPois   +            (helmet currently unavailable)
rElec   .            y - melded +0 cloak
rCorr   +            (gloves unavailable)
SInv    .            (boots unavailable)
Will    +....        D - amulet of faith
Stlth   ++           c - +5 ring of evasion
HPRegen 1.31/turn    R - ring of resist corrosion
MPRegen 0.18/turn

%: faith
@: snake-form, slowed, very slow
A: constrict, boosted hp, large, unfitting armour, (claws 3), regeneration 1,
(shaggy fur 1), (tough skin 1), subdued magic 1
a: Begin Untransformation, Renounce Religion, Bend Time, Temporal Distortion,
Slouch, Step From Time


You were on level 2 of the Spider Nest.
You worshipped Cheibriados.
Cheibriados was exalted by your worship.
You were an enormous serpent.
You visited 5 branches of the dungeon, and saw 22 of its levels.
You also visited: Sewer and Ice Cave.

You collected 2707 gold pieces.
You spent 451 gold pieces at shops.

Inventory:

Missiles
 C - 2 throwing nets
 G - 16 poisoned darts (quivered)
 Y - 5 curare-tipped darts
Armour
 y - a +0 cloak (melded)
 I - +0 acid dragon scales (melded)
Jewellery
 c - a +5 ring of evasion (left hand)
 D - an amulet of faith (around neck)
 L - a ring of see invisible
 R - a ring of resist corrosion (right hand)
 S - a ring of protection from cold
 T - a ring of protection from fire
Talismans
 A - a serpent talisman (active)
 E - a blade talisman
 O - a maw talisman
Wands
 a - a wand of flame (22)
 d - a wand of light (11)
 i - a wand of paralysis (13)
 V - a wand of polymorph (13)
 X - a wand of iceblast (10)
Scrolls
 e - 6 scrolls of amnesia
 k - 4 scrolls of vulnerability
 l - 6 scrolls of poison
 m - 6 scrolls of enchant armour
 o - a scroll of silence
 p - 2 scrolls of blinking
 r - 5 scrolls of torment
 s - 2 scrolls of summoning
 t - 6 scrolls of teleportation
 u - a scroll of immolation
 v - 9 scrolls of noise
 w - 2 scrolls of enchant weapon
 x - 4 scrolls of revelation
 M - a scroll of brand weapon
 P - a scroll of fear
Potions
 b - 3 potions of lignification
 f - 4 potions of attraction
 g - 4 potions of enlightenment
 h - 2 potions of mutation
 q - 6 potions of curing
 z - 3 potions of cancellation
 B - 2 potions of brilliance
 H - 2 potions of magic
 J - a potion of experience {unknown}
 K - 4 potions of ambrosia
 U - a potion of resistance {unknown}
 W - a potion of invisibility {unknown}


   Skills:
 + Level 13.1 Fighting
 - Level 7.6 Dodging
 + Level 16.5 Unarmed Combat
 - Level 3.0 Translocations
 * Level 11.8 Invocations
 * Level 12.2 Shapeshifting


You had 9 spell levels left.
You knew the following spells:

 Your Spells              Type           Power      Damage    Failure   Level
a - Teleport Other        Tloc           9%         N/A       13%         3
b - Blink                 Tloc           18%        N/A       6%          2

Your spell library contained the following spells:

 Spells                   Type           Power      Damage    Failure   Level
 Gell's Gravitas          Tloc           9%         N/A       13%         3
 Magic Dart               Conj           0%         1d3       16%         1
 Call Imp                 Summ           0%         N/A       22%         2
 Ensorcelled Hibernation  Hex/Ice        0%         N/A       22%         2
 Jinxbite                 Hex            0%         N/A       22%         2
 Manifold Assault         Tloc           9%         N/A       41%         4
 Call Canine Familiar     Summ           0%         N/A       43%         3
 Fugue of the Fallen      Necr           0%         N/A       43%         3
 Ozocubu's Armour         Ice            0%         N/A       43%         3
 Passwall                 Erth           0%         N/A       43%         3
 Sigil of Binding         Hex            0%         N/A       43%         3
 Swiftness                Air            0%         N/A       43%         3
 Tukima's Dance           Hex            0%         N/A       43%         3
 Dimensional Bullseye     Hex/Tloc       2%         N/A       63%         4
 Iskenderun's Mystic Bla  Conj/Tloc      4%         2d3       63%         4
 Animate Armour           Summ/Erth      0%         N/A       85%         4
 Animate Dead             Necr           0%         N/A       85%         4
 Ignite Poison            Fire/Alch      0%         N/A       85%         4
 Sticky Flame             Fire/Alch      0%         2d4       85%         4
 Summon Lightning Spire   Summ/Air       0%         N/A       85%         4
 Borgnjor's Vile Clutch   Necr/Erth      0%         N/A       99%         5
 Lee's Rapid Deconstruct  Erth           0%         3d4*      99%         5
 Yara's Violent Unravell  Hex/Alch       0%         3d3       99%         5
 Death Channel            Necr           0%         N/A       100%        6
 Dispersal                Tloc           4%         N/A       100%        6
 Enfeeble                 Hex            0%         N/A       100%        7
 Disjunction              Tloc           4%         N/A       100%        8
 Ignition                 Fire           0%         3d3       100%        8


Dungeon Overview and Level Annotations

Branches:
Dungeon (12/15)            Temple (1/1) D:7            Lair (5/5) D:11
  Swamp (0/4) Lair:3       Spider (2/4) Lair:3        Slime (0/5) Lair:4
    Orc (2/2) D:11            Elf (0/3) Orc:2         Sewer (visited)
  IceCv (visited)

Altars:
Ashenzari
Cheibriados
Dithmenos
Elyvilon
Fedhas
Gozag
Hepliaklqana
Kikubaaqudgha
Makhleb
Nemelex Xobeh
Okawaru
Qazlal
Ru
Sif Muna
Trog
Uskayaw
Vehumet
Wu Jian
Xom
Yredelemnul
Zin
The Shining One
Jiyva

Shops:
D:1 =   D:3 !   D:6 [   D:12 (   Orc:1 !   Orc:2 !([[

Annotations:
D:4 1 runed translucent door, Pokonic1's ghost, amateur TrEE
D:5 1 runed translucent door, pbupsy's ghost, amateur MiFi
D:9 2 runed translucent doors
D:12 2 transporters, VoidStrider's ghost, journeyman OnAE
Lair:2 exclusion: 4 oklob plants
Lair:4 2 transporters, exclusion: 3 oklob plants, Agan's ghost, journeyman MeSh


Innate Abilities, Weirdness & Mutations

You are an enormous serpent.
You have a powerful constriction melee attack.
Your maximum health is increased.
Your armour is entirely melded.
You are incapable of wielding weapons or throwing items.
You are too large for most types of armour.
((You have claws for hands.))
Your natural rate of healing is unusually fast.
((You are covered in fur. (AC +1)))
((You have tough skin. (AC +1)))
Your spells are a little easier to cast, but a little less powerful.


Message History

The culicivora simulacrum vaporises!
You constrict the tarantella.
The tarantella touches you but does no damage.
You hit the broodmother simulacrum.
The broodmother simulacrum is lightly damaged.
You constrict the tarantella!
You kill the tarantella!
Cheibriados appreciates the change of pace.
A freezing mist starts to gather...
A tarantella simulacrum comes into view.
You lash the broodmother simulacrum!
The broodmother simulacrum is heavily damaged.
The broodmother simulacrum bites you!!
* * * LOW HITPOINT WARNING * * *
The broodmother simulacrum freezes you!!
* * * LOW HITPOINT WARNING * * *
Unknown command.
Press: ? - help, v - describe, . - travel
Here: a broodmother simulacrum (freezing vapour, heavily damaged)
The floor.
Unknown command.
Aiming: Bolt of Light
Press: ? - help, Shift-Dir - straight line, f - tarantella simulacrum
Aim: a tarantella simulacrum (75% to hit)
Okay, then.
Unknown command.
Press: ? - help, v - describe, . - travel
Here: a broodmother simulacrum (freezing vapour, heavily damaged)
The floor.
Okay, then.
Unknown command.
Casting: Blink (safe; 6% risk of failure)
Confirm with . or Enter, or press ? or * to list all spells.
Okay, then.
Unknown command.
You feel much better. The broodmother simulacrum bites you!!
* * * LOW HITPOINT WARNING * * *
The broodmother simulacrum freezes you!!
You feel yourself slow down.
You die...

. .. ... ##
.... ##.##
.....
##..)#.....†
#..†S.?^....
#####ZZ.....
†......
.......
.......
.......
.##..^. ##
..^.


You could see a tarantella simulacrum and a broodmother simulacrum.

Vanquished Creatures
  Frances (Spider:2)
  3 orc warlords
  An emperor scorpion (Spider:1)
  Nessos (Lair:3)
  A broodmother (Spider:2)
  A white draconian (IceCv)
  Azrael (Spider:2)
  A spark wasp (Spider:2)
  A fire dragon (Lair:5)
  An entropy weaver (Spider:1)
  3 hydras
  An alligator (Lair:3)
  5 boulder beetles
  A radroach (Spider:1)
  The ghost of Hiwnic the Grand Scion, a journeyman OpFE of Hepliaklqana (Lair:2)
  4 two-headed ogres
  A dancing weapon (Lair:2)
  A hell hog (Lair:5)
  6 orc high priests
  A demonic crawler (Spider:1)
  Nergalle (Orc:1)
  A pharaoh ant (Spider:2)
  3 orb spiders (Spider:1)
  A swamp dragon (Lair:5)
  A steelbarb worm (Spider:1)
  A lindwurm (Lair:2)
  A deep elf archer (Orc:2)
  A deep elf zephyrmancer (Orc:2)
  5 wolf spiders (Spider:1)
  3 orc knights
  5 orc sorcerers
  A manticore (D:12)
  2 cyclopes
  11 elephants
  2 kobold blastminers (Orc:2)
  6 black mambas
  2 ice statues (IceCv)
  3 torpor snails
  A gargoyle (D:12)
  2 unseen horrors
  15 cane toads
  2 kobold demonologists
  9 rime drakes
  5 komodo dragons
  5 trolls
  14 polar bears
  A queen bee (Lair:2)
  14 blink frogs
  2 raiju (Lair:5)
  7 tarantellas
  12 jumping spiders
  A shadow (D:11)
  Sigmund (D:3)
  5 culicivoras
  4 wyverns
  A vampire (D:12)
  3 wraiths
  56 yaks
  4 fire elementals (Spider:2)
  2 steam dragons
  5 basilisks
  12 wargs
  29 redbacks
  2 vampire mosquitoes (D:11)
  Menkaure (D:7)
  2 acid dragons
  16 water moccasins
  16 hell hounds
  3 swamp drakes (Lair:5)
  12 black bears
  37 orc warriors
  An ice beast (D:6)
  3 sky beasts
  42 wolves
  4 centaurs
  2 ogres
  4 boggarts (Lair:2)
  A phantom (D:4)
  2 kobold brigands
  11 bullfrogs
  2 gnoll sergeants
  A brain worm (Sewer)
  7 scorpions
  4 wights (D:7)
  39 killer bees
  4 lindwurm simulacra (IceCv)
  2 howler monkeys (D:11)
  10 komodo dragon simulacra (IceCv)
  2 jellies
  5 hounds
  39 orc priests
  3 sleepcaps
  2 gnoll boudas
  9 iguanas
  Jessica (D:2)
  2 hell rats (Lair:2)
  32 orc wizards
  20 gnolls
  6 adders
  4 acid dragon simulacra (IceCv)
  5 river rats
  A white imp (D:7)
  3 steam dragon simulacra (IceCv)
  2 ufetubi (D:7)
  2 dart slugs
  8 ribbon worms
  66 orcs
  8 ball pythons
  9 bats
  An endoplasm (D:3)
  5 giant cockroaches
  4 hobgoblins
  8 jackals
  9 kobolds
  6 quokkas
  5 frilled lizards
  2 goblins
  6 rats
801 creatures vanquished.

Vanquished Creatures (others)
  An orc wizard (Orc:1)
1 creature vanquished.

Grand Total: 802 creatures vanquished

Notes
Turn   | Place    | Note
-------+----------+-------------------------------------------
     0 | D:1      | keekatzer the Troll Shapeshifter began the quest for the
                  | Orb.
     0 | D:1      | Reached XP level 1. HP: 18/18 MP: 0/0
    45 | D:1      | Found Coxtialo's Jewellery Shop.
   275 | D:1      | Reached XP level 2. HP: 26/26 MP: 1/1
   901 | D:2      | Noticed Jessica
   915 | D:2      | Killed Jessica
   916 | D:2      | Reached skill level 1 in Fighting
   916 | D:2      | Reached XP level 3. HP: 33/33 MP: 2/2
  1253 | D:3      | Noticed Sigmund
  1275 | D:3      | Killed Sigmund
  1276 | D:3      | Reached skill level 4 in Unarmed Combat
  1276 | D:3      | Reached XP level 4. HP: 29/44 MP: 3/3
  1276 | D:3      | Reached XP level 5. HP: 33/50 MP: 4/4
  1381 | D:3      | Found a blossoming altar of Fedhas.
  1410 | D:3      | Found Mud Elo's Distillery.
  1436 | D:3      | Bought a potion of heal wounds for 70 gold pieces
  1436 | D:3      | Bought a potion of curing for 42 gold pieces
  1659 | D:4      | Reached XP level 6. HP: 38/59 MP: 5/5
  1774 | D:4      | Noticed a moth of wrath
  1777 | D:4      | Found a bloodstained altar of Trog.
  1850 | D:4      | Noticed a sky beast
  1860 | D:4      | Killed a sky beast
  1896 | D:4      | Found a runed translucent door.
  1896 | D:4      | Noticed Pokonic1's ghost (amateur TrEE)
  2049 | D:4      | Reached skill level 5 in Shapeshifting
  2165 | D:4      | Reached skill level 5 in Unarmed Combat
  2165 | D:4      | Reached XP level 7. HP: 67/67 MP: 6/6
  2262 | D:5      | Entered Level 5 of the Dungeon
  2262 | D:5      | Found a snail-covered altar of Cheibriados.
  2466 | D:5      | Reached skill level 6 in Unarmed Combat
  2522 | D:5      | Reached XP level 8. HP: 67/78 MP: 7/7
  2689 | D:6      | Found a glowing drain.
  2713 | Sewer    | Entered a sewer
  2998 | Sewer    | Reached skill level 7 in Unarmed Combat
  3098 | D:6      | Found Nydyseevuyhe's Armour Shoppe.
  3382 | D:5      | Found a runed translucent door.
  3382 | D:5      | Noticed pbupsy's ghost (amateur MiFi)
  3493 | D:6      | Identified the +1 scale mail of Nebbas {Rampage rF++ rC-}
  3584 | D:6      | Reached XP level 9. HP: 85/85 MP: 8/8
  3792 | D:6      | Bought the +0 kite shield of Somewhere Else {+Blink rN+
                  | Will+} for 339 gold pieces
  3825 | D:7      | Reached skill level 8 in Unarmed Combat
  3943 | D:7      | Found a radiant altar of Vehumet.
  4007 | D:7      | Reached skill level 5 in Fighting
  4058 | D:7      | Noticed Menkaure
  4116 | D:7      | Found a staircase to the Ecumenical Temple.
  4126 | Temple   | Entered the Ecumenical Temple
  4132 | Temple   | Became a worshipper of Elyvilon the Healer
  4141 | D:7      | You fall into a shaft and drop 1 floor!
  4361 | D:7      | Killed Menkaure
  4362 | D:7      | Reached skill level 9 in Unarmed Combat
  4460 | D:8      | Noticed a two-headed ogre
  4590 | D:8      | Reached * piety under Elyvilon
  4817 | D:9      | Reached XP level 10. HP: 36/97 MP: 9/9
  5026 | D:9      | Learned a level 3 spell: Teleport Other
  5029 | D:9      | Learned a level 2 spell: Blink
  5091 | D:9      | Noticed an ice dragon
  5091 | D:9      | Found the +2 shield of Resistance {rF++ rC++ Will++}
  5091 | D:9      | Noticed a fire dragon
  5092 | D:9      | Found a runed translucent door.
  5092 | D:9      | Noticed an ice dragon
  5092 | D:9      | Noticed a fire dragon
  5095 | D:9      | Found a runed translucent door.
  5216 | D:9      | Reached ** piety under Elyvilon
  5282 | D:10     | Entered Level 10 of the Dungeon
  5304 | D:10     | Noticed a two-headed ogre
  5398 | D:10     | Noticed a two-headed ogre
  5402 | D:11     | Found a broken altar of Ashenzari.
  5561 | D:11     | Reached skill level 1 in Translocations
  5768 | D:11     | Reached skill level 10 in Unarmed Combat
  5957 | D:10     | Gained mutation: Your spells are a little easier to cast,
                  | but a little less powerful. [a neqoxec]
  6150 | D:10     | Noticed a two-headed ogre
  6154 | D:10     | Elyvilon protects you from harm!
  6163 | D:10     | Killed a two-headed ogre
  6307 | D:10     | Killed a two-headed ogre
  6447 | D:5      | Fell from the grace of Elyvilon
  6447 | D:5      | Became a worshipper of Cheibriados the Contemplative
  6673 | D:8      | Killed a two-headed ogre
  6674 | D:8      | Reached skill level 10 in Shapeshifting
  6674 | D:8      | Reached XP level 11. HP: 55/105 MP: 10/10
  7144 | D:10     | Killed a two-headed ogre
  7292 | D:11     | Found a staircase to the Lair.
  7305 | D:11     | Reached skill level 11 in Unarmed Combat
  7373 | D:11     | Found a staircase to the Orcish Mines.
  7375 | D:11     | Reached * piety under Cheibriados
  7522 | D:11     | Identified a scroll of acquirement
  7523 | D:11     | Acquired a manual of Fighting
  7529 | Lair:1   | Entered Level 1 of the Lair of Beasts
  7542 | Lair:1   | Reached ** piety under Cheibriados
  7629 | Lair:1   | Reached skill level 12 in Unarmed Combat
  7673 | Lair:1   | Reached *** piety under Cheibriados
  7814 | Lair:1   | Reached skill level 1 in Invocations
  7819 | Lair:1   | Reached skill level 5 in Dodging
  7893 | Lair:1   | Reached XP level 12. HP: 120/120 MP: 12/12
  7956 | Lair:1   | Reached **** piety under Cheibriados
  8167 | Lair:2   | Found a runed translucent door.
  8167 | Lair:2   | Found a shimmering altar of Xom.
  8167 | Lair:2   | Noticed Hiwnic's ghost (journeyman OpFE)
  8167 | Lair:2   | Identified the +4 morningstar of Radicalism {chaos, Dex+3}
  8186 | Lair:2   | Reached skill level 13 in Unarmed Combat
  8204 | Lair:2   | Found a frozen archway.
  8208 | Lair:2   | Reached ***** piety under Cheibriados
  8247 | Lair:2   | Noticed a seven-headed hydra
  8251 | Lair:2   | Killed a seven-headed hydra
  8292 | IceCv    | Entered an ice cave
  8625 | IceCv    | Noticed a white draconian
  8633 | IceCv    | Killed a white draconian
  8634 | IceCv    | Reached skill level 5 in Invocations
  9073 | Lair:2   | Reached XP level 13. HP: 132/132 MP: 16/16
  9086 | Lair:2   | Reached ****** piety under Cheibriados
  9147 | Lair:2   | Reached skill level 14 in Unarmed Combat
  9606 | Lair:3   | Noticed Nessos
  9612 | Lair:3   | Killed Nessos
  9613 | Lair:3   | Reached skill level 10 in Fighting
  9667 | Lair:3   | Found a hole to the Spider Nest.
  9819 | Lair:3   | Found a staircase to the Swamp.
 10205 | Lair:4   | Found a viscous altar of Jiyva.
 10206 | Lair:4   | Found a staircase to the Slime Pits.
 10261 | Lair:4   | Found a transporter.
 10261 | Lair:4   | Found a transporter.
 10265 | Lair:4   | Noticed Agan's ghost (journeyman MeSh)
 10386 | Lair:5   | Entered Level 5 of the Lair of Beasts
 10488 | Lair:5   | Reached skill level 15 in Unarmed Combat
 10529 | Lair:5   | Reached XP level 14. HP: 108/146 MP: 19/19
 11853 | D:12     | Found Wiliomie's Antique Weapon Boutique.
 12084 | D:12     | Found a transporter.
 12094 | D:12     | Noticed VoidStrider's ghost (journeyman OnAE)
 12105 | D:12     | Found a transporter.
 12199 | Orc:1    | Entered Level 1 of the Orcish Mines
 12199 | Orc:1    | Found Nuny's Distillery.
 12345 | Orc:1    | Noticed an orc warlord
 12359 | Orc:1    | Killed an orc warlord
 12484 | Orc:1    | Noticed Nergalle
 12493 | Orc:1    | Reached skill level 10 in Invocations
 12516 | Orc:1    | Killed Nergalle
 12770 | Orc:2    | Entered Level 2 of the Orcish Mines
 12821 | Orc:2    | Reached skill level 16 in Unarmed Combat
 13181 | Orc:2    | Found Fumy's Weapon Emporium.
 13181 | Orc:2    | Found Cauqol's Armour Shoppe.
 13181 | Orc:2    | Found Ciadoan's Armour Shoppe.
 13181 | Orc:2    | Found a staircase to the Elven Halls.
 13267 | Orc:2    | Found Efeddofa's Distillery.
 13345 | Orc:2    | Reached XP level 15. HP: 157/157 MP: 21/21
 13509 | Orc:2    | Identified the +5 chain mail of Going Fast {Int+3}
 13818 | Lair:2   | Killed Hiwnic's ghost
 13951 | Spider:1 | Entered Level 1 of the Spider Nest
 14366 | Spider:1 | Identified the +2 leather armour "Uteikk" {rPois rN+ rCorr
                  | Int+3}
 14749 | Spider:2 | Noticed Frances
 14755 | Spider:2 | Noticed an emperor scorpion
 14759 | Spider:2 | Killed Frances
 14771 | Spider:1 | Killed an emperor scorpion
 14791 | Spider:2 | Noticed Azrael
 14796 | Spider:2 | Killed Azrael
 14804 | Spider:2 | Mangled by a broodmother simulacrum

Illustrated notes

Levels and vault maps discovered:
D:1:      co_arrival_square_in_a_square_in_a_square, layout_loops_ring,
          serial_shops, shop, serial_bayou_pond_b, minmay_tetromino_o2
D:2:      layout_loops_cross, nrook_uturn, nicolae_wormholes, uniq_jessica
D:3:      layout_rooms, mainiacjoe_overflow_paths, serial_shops, shop,
          uniq_sigmund
D:4:      layout_basic, tgw_trog, hellmonk_ghost_happy_afterlife
D:5:      layout_cave_pools, overflow_temple_1_default,
          ebering_ghost_inner_flame
D:6:      layout_basic, portal_sewer_entry_a, serial_shops, shop
D:7:      layout_cave_pools, nicolae_vehumet_altar_sigil,
          minmay_temple_entry_grid, st_stairs_8, uniq_menkaure
D:8:      layout_layer_cave
D:9:      layout_basic, minmay_guarded_unrand_resistance
D:10:     layout_layer_cave, dk_noncrumbling_4
D:11:     layout_roguey, lair_entry_dummy, david_orc_1_choice, ashenzari_altar_1
D:12:     layout_big_octagon, serial_shops, nicolae_stop_n_shop_1,
          nzn_ghost_randoct
Temple:   eino_narrow_crystal_temple
Lair:1:   layout_misc_corridors, beast_lair_carwin_4
Lair:2:   hangedman_what_comes_after_a, layout_regular_city,
          portal_ice_cave_rime, ebering_ghost_xom,
          nicolae_quartered_pool_impasse, small_statue_intersection,
          kilobyte_rumbling_trees
Lair:3:   layout_roguey, mainiacjoe_swamp_entry_lozenge_pond,
          spider_nest_entry_webs, uniq_nessos
Lair:4:   layout_gridlike, minmay_slime_entry_oklob_open, gammafunk_ghost_hive
Lair:5:   guppyfry_lair_end_dragon, layout_hall_layers,
          hangedman_lair_caniforms_friends, serial_bayou_shore_b,
          infiniplex_staircase_pool
Spider:1: layout_spider_delve
Spider:2: cheibrodos_spider_deadly_dance, ebering_ghost_rock_garden,
          uniq_frances, uniq_roxanne, uniq_agnes, uniq_azrael
Orc:1:    orc_temple, layout_diamond_mine, serial_shops, shop, uniq_nergalle
Orc:2:    st_orc_mages, layout_caves, basic_altar, elf_legates

Skill      XL: |  1  2  3  4  5  6  7  8  9 10 11 12 13 14 15 |
---------------+----------------------------------------------+-----
Fighting       | 1 2 3 4 5 6 8 9 11 12 13 | 13.1
Unarmed Combat | 4 5 6 7 9 10 12 13 15 16 | 16.5
Shapeshifting  | 4 5 6 7 8 10 11 12 | 12.2
Translocations | 3 |  3.0
Dodging        | 3 5 6 7 |  7.6
Invocations    | 1 5 8 10 11 | 11.8

Action                     |  1- 3 |  4- 6 |  7- 9 | 10-12 | 13-15 || total
---------------------------+-------+-------+-------+-------+-------++-------
  Melee: Unarmed           |    27 |    69 |   344 |   475 |   823 ||  1738
         Dagger            |    51 |     6 |       |       |       ||    57
         Punch             |     2 |     1 |     5 |       |       ||     8
         Constrict         |       |       |       |    98 |   209 ||   307
  Throw: Throwing net      |       |       |     1 |       |       ||     1
   Cast: Blink             |       |       |       |     1 |       ||     1
 Invoke: Purification      |       |       |       |     1 |       ||     1
         Slouch            |       |       |       |     1 |    23 ||    24
         Temporal Distorti |       |       |       |     1 |     2 ||     3
  Evoke: Wand              |       |       |       |       |     6 ||     6
    Use: Potion            |       |       |     3 |     3 |     2 ||     8
         Scroll            |       |       |     2 |    14 |     7 ||    23
   Stab: Sleeping          |       |       |       |     2 |     3 ||     5
 Armour: Animal skin       |    53 |     2 |       |       |       ||    55
         Robe              |       |    51 |   170 |       |       ||   221
         Skin              |       |       |    92 |   274 |   462 ||   828
  Dodge: Dodged            |    25 |    25 |   189 |   234 |   584 ||  1057
   Form: Flux              |       |       |     1 |       |       ||     1
         Serpent           |       |       |       |     2 |     3 ||     5
         Blade             |       |       |       |     1 |     1 ||     2
                           |       |       |       |       |     1 ||     1
         Maw               |       |       |       |       |     2 ||     2

Table legend: (Time is in decaauts)
 A = Elapsed time spent in this place.
 B = Non-inter-level travel time spent in this place.
 C = Inter-level travel time spent in this place.
 D = Time resting spent in this place.
 E = Time spent auto-exploring this place.
 F = Levels seen in this place.
 G = Mean time per level.
                   A        B        C        D        E       F      G
               +--------+--------+--------+--------+--------+-----+--------+
         Total |  19283 |  18748 |    535 |    937 |   1008 |  24 |  803.5 |
       Dungeon |   8457 |   8095 |    362 |    324 |    443 |  12 |  704.8 |
        Temple |     12 |     12 |      0 |      0 |      0 |   1 |   12.0 |
          Lair |   6306 |   6201 |    105 |    157 |    507 |   5 | 1261.2 |
   Spider Nest |   1248 |   1248 |      0 |    186 |      0 |   2 |  624.0 |
  Orcish Mines |   2241 |   2173 |     68 |    101 |     58 |   2 | 1120.5 |
         Sewer |    330 |    330 |      0 |      0 |      0 |   1 |  330.0 |
      Ice Cave |    685 |    685 |      0 |    169 |      0 |   1 |  685.0 |
               +--------+--------+--------+--------+--------+-----+--------+

Top non-repeatable levels by time:
  Lair:5: 2075 daAuts
  Lair:2: 1643 daAuts
Spider:1: 1226 daAuts
   Orc:2: 1174 daAuts
    D:11: 1097 daAuts
   Orc:1: 1067 daAuts
     D:8: 1010 daAuts
  Lair:4: 940 daAuts
  Lair:1: 888 daAuts
    D:10: 868 daAuts
     D:6: 815 daAuts
     D:9: 793 daAuts
  Lair:3: 758 daAuts
   IceCv: 685 daAuts
     D:1: 678 daAuts
